 Dungeon Crawl Stone Soup version 0.24-a0-378-g94936e539c (webtiles) character file.

Game seed: 5247463690703526009

709 ohad the Insei (level 7, -1/46 HPs)
             Began as an Octopode Transmuter on June 2, 2019.
             Was an Initiate of Gozag.
             Succumbed to Duvessa's poison
             ... on level 4 of the Dungeon.
             The game lasted 00:10:35 (4792 turns).

ohad the Insei (Octopode Transmuter)                Turns: 4792, Time: 00:10:36

Health: -1/46      AC:  1    Str:  9    XL:     7   Next: 68%
Magic:  5/11       EV: 15    Int: 18    God:    Gozag
Gold:   239        SH:  0    Dex: 16    Spells: 2/12 levels left

rFire    . . .     SeeInvis .     - Unarmed
rCold    . . .     Gourm    .   (no shield)
rNeg     + . .     Faith    .   (helmet restricted)
rPois    .         Spirit   .   (no amulet)
rElec    .         Reflect  .   p - +4 ring of dexterity
rCorr    .         Harm     .   v - ring of positive energy
MR       .....                  x - ring of wizardry
Stlth    ++++......             (no ring)
HPRegen  0.15/turn              (no ring)
MPRegen  0.12/turn              (no ring)
                                (no ring)
                                (no ring)

@: lethally poisoned (-1 -> -15), berserk cooldown, slowed, very slow
A: almost no armour, stealthy swim, amphibious, 8 rings, constrict 8, camouflage
1, gelatinous body 1
a: Potion Petition, Call Merchant, Bribe Branch, Renounce Religion


You were on level 4 of the Dungeon.
You worshipped Gozag.
Gozag was aware of your devotion.
You were not hungry.

You visited 1 branch of the dungeon, and saw 5 of its levels.

You collected 301 gold pieces.
You paid 62 gold pieces to Gozag.

Inventory:

Hand Weapons
 b - a cursed -1 war axe
Missiles
 a - 135 arrows
 o - 5 poisoned darts (quivered)
Jewellery
 p - a +4 ring of dexterity (left tentacle)
 u - an uncursed ring of ice
 v - a ring of positive energy (right tentacle)
 w - an uncursed amulet of faith
 x - a ring of wizardry (on tentacle)
Scrolls
 f - 2 scrolls of teleportation {unknown}
 h - 2 scrolls of remove curse {unknown}
 i - 5 scrolls of enchant armour {unknown}
 j - a scroll of fear {unknown}
 l - a scroll of magic mapping {unknown}
 n - a scroll of amnesia {unknown}
 t - 4 scrolls of identify {unknown}
Potions
 d - a potion of heal wounds
 e - a potion of invisibility {unknown}
 g - 2 potions of berserk rage
 k - a potion of haste {unknown}
 m - a potion of degeneration {unknown}
 q - 3 potions of curing {unknown}
 r - a potion of ambrosia {unknown}
 s - a potion of agility {unknown}
Comestibles
 c - 8 rations


   Skills:
 * Level 3.3 Fighting
 + Level 4.0 Dodging
 - Level 4.3 Stealth
 + Level 4.8 Unarmed Combat
 - Level 3.1 Spellcasting
 - Level 3.1 Transmutations
 - Level 1.4 Ice Magic


You had 2 spell levels left.
You knew the following spells:

 Your Spells              Type           Power        Failure   Level  Hunger
a - Beastly Appendage     Tmut           ##....       1%          1    None
b - Sticks to Snakes      Tmut           ##......     2%          2    ##.....
c - Spider Form           Tmut/Pois      #.........   11%         3    ###....
d - Ice Form              Ice/Tmut       ##......     24%         4    ####...

Your spell library contained the following spells:

 Spells                   Type           Power        Failure   Level  Hunger
 Blade Hands              Tmut           ##........   43%         5    ######.


Dungeon Overview and Level Annotations

Branches:
Dungeon (5/15)
 Temple: D:4-7

Altars:
Cheibriados
Dithmenos
Gozag
The Shining One

Annotations:
D:5 Dowan, Duvessa


Innate Abilities, Weirdness & Mutations

You cannot wear most types of armour.
You are very stealthy in the water. (Stealth+)
You are amphibious.
You can wear up to eight rings at the same time.
You can use your tentacles to constrict eight enemies at once.
Your skin changes colour to match your surroundings (Stealth+).
Your rubbery body absorbs attacks. (AC +1, EV +1)


Message History

You feel sick.
Unknown command.
You are too berserk!
You feel a strong urge to attack something.
* * * LOW HITPOINT WARNING * * *
You feel sick.
* * * LOW HITPOINT WARNING * * *
You feel sick.
You feel your anger nearly subside.
You are no longer berserk.
You are exhausted.
You feel yourself slow down.
* * * LOW HITPOINT WARNING * * *
You feel sick.
* * * LOW HITPOINT WARNING * * *
You feel very sick.
Your magical contamination has completely faded away.
* * * LOW HITPOINT WARNING * * *
You feel sick.
You die...
Your body crumbles into a pile of gold.

##...#............##..#.....
##.#................##....#..
##..#.##............###....###
#......#..#.........#.#....##.
##.......###............#..#..
##....#.##.....#..#..#.#.....
#....#####.....###.##.......
##.....###......#..#....###.
#.........@............# ##
#)..............#.#.#.##
###...###.....###.#####
#.....#......#...#
##..............##
##..............#
##.............###
####............#
###.........##


There were no monsters in sight!

Vanquished Creatures
  Sigmund (D:4)
  A crimson imp (D:5)
  An orc wizard (D:4)
  A hound (D:3)
  An iguana (D:5)
  3 worker ants
  A hound skeleton (D:5)
  4 adders
  2 shadow imps
  An ooze (D:3)
  2 adder skeletons (D:4)
  3 worms
  2 dart slugs
  3 leopard geckos
  10 orcs
  7 giant cockroaches
  8 goblins
  9 hobgoblins
  4 jackals (D:1)
  2 quokkas
  A ball python (D:4)
  11 bats
  2 frilled lizards
  11 kobolds
  8 rats
99 creatures vanquished.

Vanquished Creatures (collateral kills)
  Menkaure (D:4)
  An ogre (D:4)
  An adder (D:4)
3 creatures vanquished.

Vanquished Creatures (others)
  A fungus (D:5)
1 creature vanquished.

Grand Total: 103 creatures vanquished

Notes
Turn   | Place    | Note
-------+----------+-------------------------------------------
     0 | D:1      | ohad the Octopode Transmuter began the quest for the Orb.
     0 | D:1      | Reached XP level 1. HP: 13/13 MP: 3/3
    12 | D:1      | You fall into a shaft and drop 1 floor!
   291 | D:1      | Reached XP level 2. HP: 14/18 MP: 5/5
   775 | D:1      | Reached XP level 3. HP: 19/23 MP: 4/6
  1744 | D:2      | Found a glowing golden altar of the Shining One.
  1962 | D:2      | Reached XP level 4. HP: 18/28 MP: 6/8
  1973 | D:2      | Learned a level 2 spell: Sticks to Snakes
  1977 | D:2      | Learned a level 3 spell: Spider Form
  2839 | D:3      | Reached XP level 5. HP: 31/35 MP: 9/9
  3438 | D:4      | Noticed Sigmund
  3532 | D:4      | Noticed an ogre
  3540 | D:4      | Killed Sigmund
  3540 | D:4      | Reached XP level 6. HP: 16/41 MP: 5/10
  3879 | D:4      | Reached skill level 1 in Stealth
  3880 | D:4      | Found a shadowy altar of Dithmenos.
  3888 | D:4      | Reached XP level 7. HP: 36/45 MP: 6/11
  4116 | D:3      | Found a snail-covered altar of Cheibriados.
  4116 | D:3      | Found an opulent altar of Gozag.
  4126 | D:3      | Became a worshipper of Gozag Ym Sagoz the Greedy
  4167 | D:4      | Noticed Menkaure
  4180 | D:4      | Killed Menkaure
  4551 | D:5      | Entered Level 5 of the Dungeon
  4593 | D:5      | Noticed Dowan
  4596 | D:5      | Noticed Duvessa
  4623 | D:5      | Learned a level 4 spell: Ice Form
  4720 | D:5      | Reached skill level 1 in Ice Magic
  4791 | D:4      | HP: 1/46 [poisoned by Duvessa]
  4792 | D:4      | Succumbed to Duvessa's poison

Levels and vault maps discovered:
D:1:      erik_arrival_cave_to_civilisation [erik_arrival_cave_to_hall],
          layout_basic
D:2:      layout_basic, tso_altar, hangedman_decor_push,
          kennysheep_generic_room_16
D:3:      layout_rooms, nicolae_overflow_hidden_temple
D:4:      layout_cave_pools, lemuel_round_altar, first_ration, uniq_sigmund,
          uniq_menkaure
D:5:      layout_rooms, serial_aquarium, aquarium_bridge_square
          [aquarium_subvault_wall, aquarium_subvault_bridge,
          aquarium_subvault_bridge, aquarium_subvault_wall], aquarium_window_2,
          aquarium_window_corridor_2, aquarium_window_fake, aquarium_view_2d,
          aquarium_balcony_3b, minmay_shop_damaged, uniq_duvessa

Skill      XL: |  1  2  3  4  5  6  7 |
---------------+----------------------+-----
Transmutations | 3 |  3.1
Spellcasting   | 3 |  3.1
Fighting       | 2 3 |  3.3
Dodging        | 3 4 |  4.0
Unarmed Combat | 4 |  4.8
Stealth        | 1 4 |  4.3
Ice Magic      | 1 |  1.4

Action                   |  1- 3 |  4- 6 |  7- 9 || total
-------------------------+-------+-------+-------++-------
Melee: Unarmed           |   100 |   121 |    52 ||   273
       Constrict         |    22 |    36 |     5 ||    63
       Tentacles         |    16 |    20 |     4 ||    40
       Kick              |     5 |    19 |     2 ||    26
       Punch             |     2 |     4 |       ||     6
 Cast: Beastly Appendage |     6 |    10 |     2 ||    18
       Sticks to Snakes  |       |     3 |     5 ||     8
       Spider Form       |       |     2 |     5 ||     7
 Abil: End Transformatio |       |       |     1 ||     1
  Use: Potion            |       |       |     2 ||     2
 Stab: Sleeping          |     7 |     5 |     1 ||    13
  Eat: Chunk             |     3 |     4 |     2 ||     9
       Ration            |       |     1 |     1 ||     2
Armor: Skin              |    11 |    15 |     4 ||    30
Dodge: Dodged            |    73 |    85 |    43 ||   201

Table legend:
 A = Non-vault XP
 B = Vault XP
 C = Vault XP percentage of total XP
 D = Non-vault monster count
 E = Vault monster count
 F = Vault count percentage of total count
                 A         B        C        D         E       F
            +---------+---------+-------+---------+---------+-------
      Total |     654 |     360 |  35.5 |      96 |       6 |   5.9
            +---------+---------+-------+---------+---------+-------
        D:1 |      39 |       0 |   0.0 |      21 |       0 |   0.0
        D:2 |      45 |       7 |  13.5 |      18 |       4 |  18.2
        D:3 |     146 |       0 |   0.0 |      36 |       0 |   0.0
        D:4 |     246 |     353 |  58.9 |      14 |       2 |  12.5
        D:5 |     178 |       0 |   0.0 |       7 |       0 |   0.0
            +---------+---------+-------+---------+---------+-------
